 Dungeon Crawl Stone Soup version 0.30-a0-702-gdf48620a09 (webtiles) character file.

Game seed: 6439426226314954711

45 ASSMAN the Ducker (level 3, -7/29 HPs)
             Began as a Demonspawn Monk on Jan 21, 2023.
             Mangled by a gnoll
             ... wielding a +0 flail
              (8 damage)
             ... on level 1 of the Dungeon.
             The game lasted 00:02:52 (1226 turns).

ASSMAN the Ducker (Demonspawn Monk)                 Turns: 1226, Time: 00:02:53

Health: -7/29      AC:  3    Str: 11    XL:     3   Next: 42%
Magic:  3/3        EV: 13    Int: 11    God:
Gold:   38         SH:  0    Dex: 17    Spells: 2/2 levels left

rFire   . . .      SeeInvis .      - Unarmed
rCold   . . .      Faith    .    (no shield)
rNeg    . . .      Spirit   .    a - +0 robe
rPois   .          Reflect  .    (no helmet)
rElec   .          Harm     .    k - +0 cloak
rCorr   .          Rampage  .    (no gloves)
Will    .....                    (no boots)
Stlth   ++                       (no amulet)
HPRegen 0.24/turn                (no ring)
MPRegen 0.08/turn                (no ring)

@: no status effects
A: powered by pain 2
a: no special abilities


You were on level 1 of the Dungeon.
You visited 1 branch of the dungeon, and saw 2 of its levels.

You collected 38 gold pieces.

Inventory:

Armour
 a - a +0 robe (worn)
 k - a +0 cloak (worn)
Jewellery
 c - a ring of wizardry
 d - a ring of protection from fire
Scrolls
 h - a scroll of vulnerability
 i - a scroll of noise
Potions
 b - a potion of ambrosia


   Skills:
 - Level 3.0 Fighting
 + Level 3.4 Dodging
 - Level 1.7 Stealth
 + Level 3.4 Unarmed Combat


You had 2 spell levels left.
You didn't know any spells.
Your spell library was empty.

Dungeon Overview and Level Annotations

Branches:
Dungeon (2/15)

Altars:


Innate Abilities, Weirdness & Mutations

You sometimes gain power by taking damage.


Message History

The kobold attacks as you move away! The kobold hits you with a +0 whip.
The kobold drinks a potion.
The kobold is healed!
The kobold throws a stone.
The stone hits you but does no damage.
There is a stone staircase leading up here.
The kobold throws a stone.
The stone hits you.
You hit the kobold.
You kill the kobold!
No target in view!
HP restored.
Things that are here:
a +0 whip; 5 stones; a kobold corpse You hit the gnoll but do no damage.
The gnoll hits you with a +0 flail.
You hit the gnoll.
The gnoll is moderately wounded.
The gnoll hits you with a +0 flail. The gnoll attacks as you move away!
The gnoll closely misses you. The gnoll attacks as you move away!
The gnoll closely misses you. The gnoll attacks as you move away!
The gnoll hits you with a +0 flail. The gnoll attacks as you move away!
The gnoll misses you. The gnoll attacks as you move away! The gnoll misses you.
The gnoll attacks as you move away! The gnoll hits you with a +0 flail.
The gnoll attacks as you move away! The gnoll completely misses you.
The gnoll attacks as you move away! The gnoll barely misses you.
Things that are here:
a +0 whip; 5 stones; a kobold corpse The gnoll attacks as you move away!
The gnoll hits you with a +0 flail.
There is a stone staircase leading up here.
The gnoll barely misses you.
You climb upwards.
There is a stone staircase leading down here.
You hit the gnoll.
The gnoll is heavily wounded.
The gnoll hits you with a +0 flail!
* * * LOW HITPOINT WARNING * * *
You hit the gnoll.
The gnoll is severely wounded.
You hit the gnoll.
The gnoll is severely wounded.
The gnoll hits you with a +0 flail!
You die...

#.#.#.....#...####.#.# #......
#.#.#######.#.###....# ##......
#.#............#.....# #.......
#.####...#####.#....######.#####.
#.# #.### #.#.###....##.#####.
#.# #.# #.#..#.###.......... #.#
#.# #.#.#.#.............
#.####.#######.#)#.#.##.##>######
#...........##.#@....##.##.#
######.####....g........##.# #
#.# ####.....####.##.# #
#.#######.#.### #.##.# #
#...........# #.##.# #
##........#.######.##.# #
#.#####..#...........#
#........#....##.#####
####.....#######.##.#


You could see a gnoll.

Vanquished Creatures
  A gnoll (D:1)
  2 dart slugs (D:1)
  4 ball pythons (D:1)
  2 giant cockroaches
  5 hobgoblins (D:1)
  3 kobolds
  A quokka (D:1)
  5 bats (D:1)
  2 frilled lizards (D:1)
  5 rats (D:1)
30 creatures vanquished.

Notes
Turn   | Place    | Note
-------+----------+-------------------------------------------
     0 | D:1      | ASSMAN the Demonspawn Monk began the quest for the Orb.
     0 | D:1      | Reached XP level 1. HP: 18/18 MP: 1/1
    37 | D:1      | Found a faded altar of an unknown god.
   259 | D:1      | Gained mutation: You sometimes gain a little power by
                  | taking damage. [demonic ancestry]
   259 | D:1      | Reached XP level 2. HP: 19/24 MP: 2/2
   641 | D:1      | Gained mutation: You sometimes gain power by taking damage.
                  | [demonic ancestry]
   641 | D:1      | Reached XP level 3. HP: 27/29 MP: 3/3
  1223 | D:1      | HP: 1/29 [gnoll/+0 flail (13)]
  1226 | D:1      | Mangled by a gnoll

Illustrated notes

Levels and vault maps discovered:
D:1:      ebering_hopf_link, layout_loops_ring,
          shapermc_ecumenical_altar_ellora, minmay_pentomino_x4
D:2:      layout_basic, serial_glass, glass_columns_b, glass_columns_a,
          glass_columns_c

Skill      XL: |  1 |
---------------+----+-----
Dodging        | 3 |  3.4
Unarmed Combat | 3 |  3.4
Fighting       | |  3.0
Stealth        | |  1.7

Action                   || total
-------------------------++-------
Melee: Unarmed           ||   147
       Punch             ||     1
  Use: Scroll            ||     5
 Stab: Sleeping          ||     4
Armor: Robe              ||    27
Dodge: Dodged            ||   110

Table legend: (Time is in decaauts)
 A = Elapsed time spent in this place.
 B = Non-inter-level travel time spent in this place.
 C = Inter-level travel time spent in this place.
 D = Time resting spent in this place.
 E = Time spent auto-exploring this place.
 F = Levels seen in this place.
 G = Mean time per level.
                   A        B        C        D        E       F      G
               +--------+--------+--------+--------+--------+-----+--------+
         Total |   1218 |   1164 |     54 |    108 |    681 |   2 |  609.0 |
       Dungeon |   1218 |   1164 |     54 |    108 |    681 |   2 |  609.0 |
               +--------+--------+--------+--------+--------+-----+--------+

Top non-repeatable levels by time:
     D:1: 1055 daAuts
     D:2: 162 daAuts
